 Dungeon Crawl Stone Soup version 0.31-a0-859-g9dce7d3 (webtiles) character file.

Game seed: 911510796217866008

198681 raintide the Deadly Accurate (level 18, -1/143 HPs)
             Began as a Gnoll Warper on Oct 5, 2023.
             Was a High Priest of Cheibriados.
             Slain by a demonic crawler (14 damage)
             ... on level 4 of the Spider Nest on Oct 9, 2023.
             The game lasted 02:36:38 (38082 turns).

raintide the Deadly Accurate (Gnoll Warper)        Turns: 38082, Time: 02:36:39

Health: -1/143     AC:  8    Str: 16 (20) XL:     18   Next: 45%
Magic:  9/44       EV: 23    Int: 34 (35) God:    Cheibriados [*****.]
Gold:   1963       SH: 29    Dex: 32 (36) Spells: 20/44 levels left

rFire   + + .        V - +3 scimitar (elec)
rCold   + . .        u - +7 tower shield of the Wasteland {Will+ MP+9 Str-3 Dex+6}
rNeg    + . .        T - +1 ring mail of the End {*Corrode rN+ Regen+}
rPois   .            r - +2 helmet {Int+3}
rElec   +            F - scarf {rC+ rF+}
rCorr   .            y - +1 pair of gloves
SInv    .            h - +4 pair of boots of Saegaph {rElec}
Will    ++...        (no amulet)
Stlth   ++++++       N - ring "Isexton" {rF+ Int+3 Dex+3}
HPRegen 1.23/turn    E - +4 ring of protection
MPRegen 0.29/turn

%: corrode self (3%)
@: corroded, on blink cooldown, studying Throwing, very slow
A: fangs 1, strong nose, distributed training
}: 1/15 runes: decaying
a: Renounce Religion, Bend Time, Temporal Distortion, Slouch, Step From Time


You were on level 4 of the Spider Nest.
You worshipped Cheibriados.
Cheibriados was extremely pleased with you.
You visited 6 branches of the dungeon, and saw 31 of its levels.
You also visited: Sewer.

You collected 3323 gold pieces.
You spent 1360 gold pieces at shops.

Inventory:

Hand Weapons
 l - a +0 scimitar of holy wrath
 H - a +0 triple crossbow
 V - a +3 scimitar of electrocution (weapon)
Missiles
 d - 5 darts of dispersal
 j - 8 curare-tipped darts
 q - 13 poisoned darts
Armour
 h - the +4 pair of boots of Saegaph (worn) {rElec}
   (You acquired it on level 2 of the Spider Nest)

   rElec:     It insulates you from electricity.
 r - a +2 helmet of intelligence (worn)
 u - the +7 tower shield of the Wasteland (worn) {Will+ MP+9 Str-3 Dex+6}
   (You found it on level 13 of the Dungeon)

   Str-3:     It affects your strength (-3).
   Dex+6:     It affects your dexterity (+6).
   Will+:     It increases your willpower.
   MP+9:      It affects your magic capacity (+9).
 y - a +1 pair of gloves (worn)
 F - a scarf of resistance (worn)
 T - the +1 ring mail of the End (worn) {*Corrode rN+ Regen+}
   (You found it on level 13 of the Dungeon)

   rN+:       It protects you from negative energy.
   Regen+:    It increases your rate of health regeneration.
   *Corrode:  It may corrode you when you take damage.
 X - +1 swamp dragon scales
Jewellery
 a - a +6 ring of intelligence
 p - a ring of flight
 A - a ring of see invisible
 E - a +4 ring of protection (right hand)
 N - the ring "Isexton" (left hand) {rF+ Int+3 Dex+3}
   (You found it on level 12 of the Dungeon)

   [ring of protection from fire]

   Int+3:     It affects your intelligence (+3).
   Dex+3:     It affects your dexterity (+3).
   rF+:       It protects you from fire.
 R - a ring of resist corrosion
Wands
 x - a wand of quicksilver (18)
 D - a wand of paralysis (31)
 K - a wand of flame (15) (quivered)
 S - a wand of mindburst (4)
 W - a wand of iceblast (15)
Scrolls
 b - 5 scrolls of poison
 c - 2 scrolls of blinking
 g - 2 scrolls of revelation
 i - 3 scrolls of fear
 o - 8 scrolls of teleportation
 C - 2 scrolls of fog
 I - 7 scrolls of immolation
 O - a scroll of vulnerability {unknown}
 Q - a scroll of amnesia {unknown}
 Y - 3 scrolls of acquirement
 Z - 2 scrolls of enchant weapon
Potions
 e - 10 potions of curing
 f - 3 potions of cancellation
 k - 3 potions of mutation
 m - a potion of magic
 s - 6 potions of brilliance
 t - 3 potions of attraction
 v - a potion of might {unknown}
 w - 3 potions of enlightenment
 z - a potion of experience {unknown}
 B - 7 potions of lignification
 J - 4 potions of heal wounds
 L - 2 potions of resistance
 M - 2 potions of ambrosia
 P - a potion of berserk rage {unknown}
 U - 2 potions of invisibility
Miscellaneous
 n - a condenser vane
 G - a phantom mirror (inert)


   Skills:
 + Level 13.3 Fighting
 + Level 13.3 Short Blades
 + Level 12.6 Long Blades
 + Level 12.6 Axes
 + Level 12.6 Maces & Flails
 + Level 12.6 Polearms
 + Level 12.6 Staves
 + Level 12.6 Ranged Weapons
 + Level 15.8 Throwing
 + Level 12.9 Armour
 + Level 13.3 Dodging
 + Level 12.6 Stealth
 + Level 12.6 Shields
 + Level 12.6 Unarmed Combat
 + Level 13.5 Spellcasting
 + Level 10.7 Conjurations
 + Level 10.7 Hexes
 + Level 10.7 Summonings
 + Level 10.7 Necromancy
 + Level 12.0 Translocations
 + Level 10.7 Transmutations
 + Level 10.7 Fire Magic
 + Level 10.7 Ice Magic
 + Level 10.7 Air Magic
 + Level 10.7 Earth Magic
 + Level 10.7 Poison Magic
 + Level 13.7 Invocations
 + Level 12.6 Evocations
 + Level 11.6 Shapeshifting


You had 20 spell levels left.
You knew the following spells:

 Your Spells              Type           Power      Damage    Failure   Level
a - Blink                 Tloc           100%       N/A       1%          2
b - Lesser Beckoning      Tloc           100%       N/A       1%          2
c - Teleport Other        Tloc           81%        N/A       1%          3
d - Manifold Assault      Tloc           81%        N/A       1%          4
e - Momentum Strike       Conj/Tloc      100%       3d10      1%          2
f - Volatile Blastmotes   Fire/Tloc      100%       2d18      1%          3
g - Vhi's Electric Charg  Tloc/Air       100%       N/A       1%          4
h - Leda's Liquefaction   Hex/Erth       38%        N/A       1%          4

Your spell library contained the following spells:

 Spells                   Type           Power      Damage    Failure   Level
 Necrotise                Necr           100%       1d9       1%          1
 Ensorcelled Hibernation  Hex/Ice        100%       N/A       1%          2
 Jinxbite                 Hex            100%       N/A       1%          2
 Passwall                 Tmut/Erth      64%        N/A       1%          2
 Sublimation of Blood     Necr           77%        N/A       1%          2
 Wereblood                Tmut           77%        N/A       1%          2
 Call Canine Familiar     Summ           77%        N/A       1%          3
 Gell's Gravitas          Tloc           81%        N/A       1%          3
 Inner Flame              Hex/Fire       77%        N/A       1%          3
 Sigil of Binding         Hex            77%        N/A       1%          3
 Swiftness                Air            77%        N/A       1%          3
 Vampiric Draining        Necr           77%        2d11      1%          3
 Anguish                  Hex/Necr       38%        N/A       1%          4
 Cause Fear               Hex            38%        N/A       1%          4
 Dimensional Bullseye     Hex/Tloc       39%        N/A       1%          4
 Petrify                  Tmut/Erth      77%        N/A       1%          4
 Summon Forest            Summ/Tloc      39%        N/A       3%          5
 Agony                    Necr           77%        N/A       4%          5
 Fireball                 Conj/Fire      38%        3d16      4%          5
 Irradiate                Conj/Tmut      38%        3d24      4%          5
 Lee's Rapid Deconstruct  Erth           38%        3d19*     4%          5
 Summon Mana Viper        Hex/Summ       77%        N/A       4%          5
 Dispersal                Tloc           40%        N/A       14%         6
 Bombard                  Conj/Erth      38%        9d7       24%         6
 Eringya's Noxious Bog    Tmut/Pois      38%        4d6       24%         6
 Summon Cactus Giant      Summ           38%        N/A       24%         6
 Disjunction              Tloc           40%        N/A       99%         8
 Chain Lightning          Conj/Air       38%        3d51      100%        9
 Dragon's Call            Summ           38%        N/A       100%        9
 Fire Storm               Conj/Fire      38%        8d10      100%        9
 Shatter                  Erth           38%        3d30*     100%        9


Dungeon Overview and Level Annotations

Branches:
Dungeon (15/15)            Temple (1/1) D:5            Lair (5/5) D:8
  Swamp (4/4) Lair:3       Spider (4/4) Lair:3        Slime (0/5) Lair:4
    Orc (2/2) D:12            Elf (0/3) Orc:2        Vaults (0/5) D:13
 Depths (0/4) D:15          Sewer (visited)

Altars:
Ashenzari
Cheibriados
Dithmenos
Elyvilon
Fedhas
Gozag
Hepliaklqana
Kikubaaqudgha
Makhleb
Nemelex Xobeh
Okawaru
Qazlal
Ru
Sif Muna
Trog
Uskayaw
Vehumet
Wu Jian
Xom
Yredelemnul
Zin
The Shining One

Shops:
D:6 :   D:7 *   D:8 *   D:13 *   Orc:2 (=[:(

Annotations:
Swamp:2 3 runed translucent doors, Ivebedul's ghost, adept MiFi; Reaq's ghost, adept DjHu


Innate Abilities, Weirdness & Mutations

You have very sharp teeth.
Your uncanny sense of smell can sniff out nearby items.
Your experience applies equally to all skills.


Message History

You feel ready to blink again. You block the demonic crawler's attack.
The demonic crawler closely misses you. The demonic crawler misses you.
You block the demonic crawler's attack. x2
The demonic crawler misses you. You block the demonic crawler's attack.
The demonic crawler completely misses you.
The demonic crawler barely misses you.
The demonic crawler completely misses you.
You block the demonic crawler's attack. The demonic crawler misses you.
Casting: Blink (safe; 1% risk of failure)
Confirm with . or Enter, or press ? or * to list all spells.
A cloud of volatile blastmotes flares up around you!
You block the demonic crawler's attack. x4; The demonic crawler misses you.
You block the demonic crawler's attack.
The steelbarb worm simulacrum completely misses you.
Casting: Volatile Blastmotes (safe; 1% risk of failure)
Confirm with . or Enter, or press ? or * to list all spells.
You blink.
Unknown command.
Casting: Blink (safe; 1% risk of failure)
Confirm with . or Enter, or press ? or * to list all spells.
Charge where?
Press: ? - help, Dir - move target, f - steelbarb worm simulacrum
Aim: a steelbarb worm simulacrum (97% to hit)
You charge forward with an electric crackle!
You slice the steelbarb worm simulacrum and electrocute it!!
You bite the steelbarb worm simulacrum, but do no damage.
The steelbarb worm simulacrum is severely damaged.
You block the demonic crawler's attack. x2
The demonic crawler barely misses you. The demonic crawler hits you!
* * * LOW HITPOINT WARNING * * *
The demonic crawler misses you. The demonic crawler closely misses you.
The steelbarb worm simulacrum hits you but does no damage.
The demonic crawler hits you but does no damage.
You block the demonic crawler's attack. The demonic crawler barely misses you.
You block the steelbarb worm simulacrum's attack.
The demonic crawler misses you. The demonic crawler hits you.
* * * LOW HITPOINT WARNING * * *
The demonic crawler hits you but does no damage.
The demonic crawler hits you!
You die...

##......#
#.......##
#........#
##.......#
####....# ##.....#
#...§..## #.
###.....# ##.
#.Z@s§# #..
####.(.s†## ..)
###^##(†.^.^# ...
#.........### ...
#####........##
...##..#...^.....^#
.Z..............###
)..○...Z....^.###
.....$.#..#.###


You could see 2 demonic crawlers and a steelbarb worm simulacrum.

Vanquished Creatures
  Mara (Swamp:4)
  Rupert (D:13)
  Agnes (D:14)
  A thorn hunter (Swamp:4)
  A fenstrider witch (Swamp:2)
  2 ghost moths
  Louise (D:15)
  2 emperor scorpions
  4 broodmothers (Spider:2)
  3 eleionomae
  2 green draconians (Swamp:2)
  A spark wasp (Spider:2)
  5 bunyips
  Josephine (D:14)
  Snorg (Lair:5)
  A fire dragon (Swamp:4)
  A great orb of eyes (D:12)
  2 entropy weavers
  4 vault guards (D:13)
  The ghost of Radamante the Blocker, a journeyman GnFi of Cheibriados (D:12)
  An ice dragon (Lair:5)
  26 hydras
  A ghost crab (Swamp:4)
  A catoblepas (Lair:5)
  2 jorogumos
  6 alligators
  4 centaur warriors
  3 demonic crawlers
  2 boulder beetles
  3 tengu warriors (D:14)
  7 two-headed ogres
  A deep troll earth mage (D:15)
  2 orc high priests
  6 death yaks (Lair:5)
  4 hell knights (D:12)
  Amaemon (Lair:3)
  A goliath frog (Swamp:3)
  3 sun moths
  10 pharaoh ants
  3 orb spiders
  12 swamp dragons
  5 spriggan druids
  2 bog bodies
  A death drake (shapeshifter) (D:15)
  2 orc knights
  A lindwurm (Lair:5)
  A wizard (D:12)
  3 necromancers (D:12)
  Pikel (D:5)
  4 cyclopes
  7 steelbarb worms
  3 will-o-the-wisps
  8 wolf spiders
  20 ugly things
  4 manticores
  5 orc sorcerers
  7 elephants (Lair:3)
  2 rust devils (D:12)
  2 moths of wrath
  6 black mambas
  2 orange demons
  6 cane toads
  4 torpor snails
  4 rime drakes
  A kobold demonologist (D:14)
  5 komodo dragons
  2 freezing wraiths
  A tengu conjurer (D:14)
  11 polar bears
  4 trolls
  7 hornets
  A queen bee (D:9)
  A meliai (shapeshifter) (D:14)
  12 tyrant leeches
  6 meliai
  Grinder (D:3)
  14 tarantellas
  A tarantella (shapeshifter) (D:15)
  33 blink frogs
  7 dream sheep (Lair:5)
  Sigmund (D:5)
  11 culicivoras
  5 slime creatures (D:12)
  A vampire (D:9)
  9 wraiths
  A centaur simulacrum (D:15)
  23 spriggans
  28 jumping spiders
  A shadow (D:12)
  2 basilisks
  74 yaks
  8 humans (D:13)
  3 wyverns
  16 redbacks
  11 vampire mosquitoes
  2 redbacks (shapeshifter) (D:15)
  5 wargs
  17 swamp worms
  3 acid dragons
  11 water moccasins
  7 hell hounds (D:12)
  28 orc warriors
  A hornet zombie (D:5)
  2 ice beasts
  11 swamp drakes
  A sky beast (D:6)
  5 black bears
  56 wolves
  6 ogres
  4 boggarts (Lair:5)
  3 centaurs
  2 lemures (D:5)
  7 phantoms (D:5)
  3 kobold brigands (D:7)
  Blork the orc (D:5)
  10 bullfrogs
  2 gnoll sergeants
  2 water moccasin zombies (D:5)
  A scorpion (D:5)
  17 killer bees (D:9)
  4 howler monkeys
  2 bullfrog zombies (D:5)
  6 hounds
  A jelly (D:7)
  25 orc priests
  2 bullfrog skeletons (D:5)
  4 gnoll boudas
  Jessica (D:3)
  4 iguanas
  2 scorpion zombies (D:5)
  A sleepcap (D:4)
  Terence (D:3)
  41 orc wizards
  2 human simulacra (D:12)
  2 hound zombies (D:5)
  Robin (D:3)
  25 gnolls
  16 adders
  9 river rats
  A shadow imp (D:7)
  5 white imps
  An adder skeleton (D:5)
  5 dart slugs
  58 orcs
  5 endoplasms
  6 giant cockroaches
  17 goblins
  7 hobgoblins
  11 jackals
  16 quokkas
  3 training dummies (Orc:2)
  13 ball pythons
  7 bats
  8 frilled lizards
  21 kobolds
  19 rats
  A butterfly (Lair:1)
1096 creatures vanquished.

Vanquished Creatures (collateral kills)
  A hydra (Swamp:2)
1 creature vanquished.

Vanquished Creatures (others)
  A wizard (D:12)
  An elephant (Lair:3)
  A polar bear (Lair:5)
  A bloated husk (Swamp:2)
  An orc wizard (Orc:1)
  A butterfly (D:8)
  16 foxfires
22 creatures vanquished.

Grand Total: 1119 creatures vanquished

Notes
Turn   | Place    | Note
-------+----------+-------------------------------------------
     0 | D:1      | raintide the Gnoll Warper began the quest for the Orb.
     0 | D:1      | Reached XP level 1. HP: 20/20 MP: 6/6
   122 | D:1      | Reached XP level 2. HP: 14/26 MP: 7/7
   490 | D:1      | Reached XP level 3. HP: 31/31 MP: 9/9
   498 | D:1      | Reached skill level 5 in Spellcasting
   508 | D:1      | Found a faded altar of an unknown god.
   760 | D:1      | Learned a level 2 spell: Blink
   763 | D:1      | Learned a level 2 spell: Lesser Beckoning
  1381 | D:2      | Reached skill level 1 in Invocations
  1524 | D:2      | Reached skill level 1 in Long Blades
  1524 | D:2      | Reached skill level 1 in Axes
  1524 | D:2      | Reached skill level 1 in Maces & Flails
  1524 | D:2      | Reached skill level 1 in Polearms
  1524 | D:2      | Reached skill level 1 in Staves
  1524 | D:2      | Reached skill level 1 in Ranged Weapons
  1524 | D:2      | Reached skill level 1 in Stealth
  1524 | D:2      | Reached skill level 1 in Shields
  1524 | D:2      | Reached skill level 1 in Unarmed Combat
  1524 | D:2      | Reached skill level 1 in Evocations
  1551 | D:2      | Learned a level 3 spell: Teleport Other
  1633 | D:2      | Reached XP level 4. HP: 36/38 MP: 11/11
  1680 | D:2      | Reached skill level 1 in Shapeshifting
  2219 | D:3      | Noticed Terence
  2242 | D:3      | Killed Terence
  2243 | D:3      | Reached skill level 1 in Conjurations
  2243 | D:3      | Reached skill level 1 in Hexes
  2243 | D:3      | Reached skill level 1 in Summonings
  2243 | D:3      | Reached skill level 1 in Necromancy
  2243 | D:3      | Reached skill level 1 in Transmutations
  2243 | D:3      | Reached skill level 1 in Fire Magic
  2243 | D:3      | Reached skill level 1 in Ice Magic
  2243 | D:3      | Reached skill level 1 in Air Magic
  2243 | D:3      | Reached skill level 1 in Earth Magic
  2243 | D:3      | Reached skill level 1 in Poison Magic
  2475 | D:3      | Noticed Grinder
  2508 | D:3      | Paralysed by Grinder for 3 turns
  2517 | D:3      | Killed Grinder
  2518 | D:3      | Reached skill level 5 in Fighting
  2518 | D:3      | Reached skill level 5 in Short Blades
  2518 | D:3      | Reached skill level 3 in Throwing
  2518 | D:3      | Reached skill level 5 in Dodging
  2518 | D:3      | Reached XP level 5. HP: 27/44 MP: 12/12
  2518 | D:3      | Reached XP level 6. HP: 31/51 MP: 14/14
  2633 | D:3      | Noticed Jessica
  2664 | D:3      | Killed Jessica
  2748 | D:3      | Learned a level 4 spell: Manifold Assault
  2882 | D:3      | Noticed Robin
  2903 | D:3      | Killed Robin
  3122 | D:3      | Got an embossed book
  3126 | D:3      | Learned a level 2 spell: Momentum Strike
  3497 | D:4      | Reached XP level 7. HP: 56/56 MP: 15/15
  3949 | D:4      | Found a glowing drain.
  3968 | Sewer    | Entered a sewer
  4637 | Sewer    | Reached skill level 4 in Throwing
  4637 | Sewer    | Reached XP level 8. HP: 55/63 MP: 14/16
  4998 | D:4      | Identified the +6 mace of Sanynoki {speed, Drain rF+ rCorr
                  | Int+2}
  5261 | D:5      | Entered Level 5 of the Dungeon
  5576 | D:5      | Found a glowing silver altar of Zin.
  5606 | D:5      | Found a staircase to the Ecumenical Temple.
  5673 | Temple   | Entered the Ecumenical Temple
  5713 | Temple   | Became a worshipper of Cheibriados the Contemplative
  5797 | D:5      | Noticed Pikel
  5825 | D:5      | Killed Pikel
  5826 | D:5      | Reached XP level 9. HP: 26/69 MP: 6/18
  5863 | D:5      | Noticed Sigmund
  6204 | D:5      | Reached skill level 5 in Throwing
  6204 | D:5      | Reached skill level 5 in Armour
  6217 | D:5      | Reached * piety under Cheibriados
  6422 | D:5      | Killed Sigmund
  6475 | D:5      | Noticed Blork the orc
  6482 | D:5      | Killed Blork the orc
  6597 | D:5      | Reached skill level 5 in Invocations
  6657 | D:5      | Reached ** piety under Cheibriados
  7536 | D:6      | Learned a level 3 spell: Volatile Blastmotes
  7541 | D:6      | Learned a level 4 spell: Vhi's Electric Charge
  7592 | D:6      | Found a burning altar of Makhleb.
  7738 | D:6      | Found a sparkling altar of Nemelex Xobeh.
  7782 | D:6      | Reached XP level 10. HP: 65/77 MP: 13/20
  8018 | D:6      | Reached skill level 5 in Long Blades
  8018 | D:6      | Reached skill level 5 in Axes
  8018 | D:6      | Reached skill level 5 in Maces & Flails
  8018 | D:6      | Reached skill level 5 in Polearms
  8018 | D:6      | Reached skill level 5 in Staves
  8018 | D:6      | Reached skill level 5 in Ranged Weapons
  8018 | D:6      | Reached skill level 5 in Stealth
  8018 | D:6      | Reached skill level 5 in Shields
  8018 | D:6      | Reached skill level 5 in Unarmed Combat
  8018 | D:6      | Reached skill level 5 in Evocations
  8359 | D:6      | Reached *** piety under Cheibriados
  8580 | D:6      | Found Gaceept's Book Emporium.
  8850 | D:7      | Reached **** piety under Cheibriados
  9221 | D:7      | Found Ikhli's Neck Hole.
  9247 | D:7      | Found a shimmering blue altar of Sif Muna.
  9264 | D:7      | Found a broken altar of Ashenzari.
  9346 | D:7      | Reached skill level 6 in Throwing
  9649 | D:7      | Noticed a two-headed ogre
  9680 | D:7      | Killed a two-headed ogre
  9681 | D:7      | Reached skill level 5 in Shapeshifting
  9871 | D:8      | Found a staircase to the Lair.
 10165 | D:8      | Found a blossoming altar of Fedhas.
 10356 | D:8      | Found a white marble altar of Elyvilon.
 10711 | D:8      | Found a hazy altar of Hepliaklqana.
 10731 | D:8      | Found Meolasso's Assorted Antiques.
 11000 | D:9      | Noticed a two-headed ogre
 11012 | D:9      | Killed a two-headed ogre
 11226 | D:9      | Reached XP level 11. HP: 84/84 MP: 17/22
 11323 | D:9      | Noticed a two-headed ogre
 11339 | D:9      | Killed a two-headed ogre
 11340 | D:9      | Reached skill level 5 in Conjurations
 11340 | D:9      | Reached skill level 5 in Hexes
 11340 | D:9      | Reached skill level 5 in Summonings
 11340 | D:9      | Reached skill level 5 in Necromancy
 11340 | D:9      | Reached skill level 5 in Transmutations
 11340 | D:9      | Reached skill level 5 in Fire Magic
 11340 | D:9      | Reached skill level 5 in Ice Magic
 11340 | D:9      | Reached skill level 5 in Air Magic
 11340 | D:9      | Reached skill level 5 in Earth Magic
 11340 | D:9      | Reached skill level 5 in Poison Magic
 11528 | D:9      | Reached ***** piety under Cheibriados
 12132 | D:9      | Learned a level 4 spell: Leda's Liquefaction
 12208 | D:10     | Entered Level 10 of the Dungeon
 12278 | D:10     | Reached skill level 7 in Throwing
 12525 | D:10     | Noticed a cyclops
 12538 | D:10     | Killed a cyclops
 12549 | D:10     | Found a shadowy altar of Dithmenos.
 12768 | D:10     | Noticed a two-headed ogre
 12793 | D:10     | Killed a two-headed ogre
 13140 | D:10     | Noticed a two-headed ogre
 13150 | D:10     | Killed a two-headed ogre
 13719 | D:11     | Noticed a four-headed hydra
 13733 | D:11     | Killed a four-headed hydra
 13734 | D:11     | Reached XP level 12. HP: 57/94 MP: 10/24
 14436 | D:12     | Noticed a two-headed ogre
 14449 | D:12     | Killed a two-headed ogre
 14812 | D:12     | Found a runed translucent door.
 14814 | D:12     | Noticed Radamante's ghost (journeyman GnFi)
 15163 | D:12     | Found a staircase to the Orcish Mines.
 15235 | D:12     | Reached skill level 8 in Throwing
 15302 | D:12     | Noticed a hell knight
 15303 | D:12     | Noticed a hell knight
 15319 | D:12     | Killed a hell knight
 15324 | D:12     | Reached ****** piety under Cheibriados
 15985 | D:12     | Found a runed translucent door.
 16043 | D:12     | Noticed a great orb of eyes
 16131 | D:12     | Noticed a hell knight
 16132 | D:12     | Noticed a hell knight
 16306 | Orc:1    | Entered Level 1 of the Orcish Mines
 16999 | Orc:1    | Noticed an orc high priest
 17012 | Orc:1    | Noticed a soul eater
 17014 | Orc:1    | Killed an orc high priest
 17015 | Orc:1    | Reached XP level 13. HP: 69/101 MP: 5/26
 17153 | Orc:1    | Found an iron altar of Okawaru.
 17242 | Orc:2    | Entered Level 2 of the Orcish Mines
 17605 | Orc:2    | Found a staircase to the Elven Halls.
 17615 | Orc:2    | Found Pucwoes's Firing Range.
 17632 | Orc:2    | Bought a manual of Throwing for 1360 gold pieces
 18439 | Orc:2    | Reached skill level 9 in Throwing
 18709 | Orc:2    | Found Gikutwaf's Book Boutique.
 18709 | Orc:2    | Found Lafueno's Weapon Shop.
 18709 | Orc:2    | Found Xovetoq's Antique Armour Boutique.
 18754 | Orc:2    | Found Kaythrum's Jewellery Shop.
 19182 | Lair:1   | Entered Level 1 of the Lair of Beasts
 19514 | Lair:1   | Reached skill level 10 in Spellcasting
 20594 | Lair:2   | Reached skill level 10 in Fighting
 20594 | Lair:2   | Reached skill level 10 in Short Blades
 20594 | Lair:2   | Reached skill level 10 in Dodging
 20871 | Lair:2   | Reached skill level 10 in Throwing
 21143 | Lair:2   | Reached XP level 14. HP: 110/110 MP: 28/28
 21531 | Lair:3   | Found a staircase to the Swamp.
 21547 | Lair:3   | Reached skill level 10 in Invocations
 21550 | Lair:3   | Found a hole to the Spider Nest.
 21835 | Lair:3   | Noticed Amaemon
 21851 | Lair:3   | Killed Amaemon
 22490 | Lair:3   | Upgraded the game from 0.31-a0-851-g7ff8af7 to
                  | 0.31-a0-854-g362426d
 22595 | Lair:3   | You fall into a shaft and drop 2 floors!
 22595 | Lair:5   | Entered Level 5 of the Lair of Beasts
 22595 | Lair:5   | Noticed Snorg
 22622 | Lair:5   | Killed Snorg
 22838 | Lair:4   | Reached skill level 11 in Throwing
 22860 | Lair:4   | Reached skill level 10 in Armour
 23421 | Lair:4   | Found a staircase to the Slime Pits.
 23444 | Lair:4   | Identified the +6 halberd of Zuffir {drain, Will+ Str-2
                  | Int+2 Dex+3}
 24829 | Lair:5   | Reached skill level 10 in Translocations
 24845 | Lair:5   | Reached XP level 15. HP: 117/117 MP: 23/30
 24897 | Lair:5   | Got a yellowed book
 24953 | Lair:5   | Reached skill level 10 in Long Blades
 24953 | Lair:5   | Reached skill level 10 in Axes
 24953 | Lair:5   | Reached skill level 10 in Maces & Flails
 24953 | Lair:5   | Reached skill level 10 in Polearms
 24953 | Lair:5   | Reached skill level 10 in Staves
 24953 | Lair:5   | Reached skill level 10 in Ranged Weapons
 24953 | Lair:5   | Reached skill level 10 in Stealth
 24953 | Lair:5   | Reached skill level 10 in Shields
 24953 | Lair:5   | Reached skill level 10 in Unarmed Combat
 24953 | Lair:5   | Reached skill level 10 in Evocations
 25188 | Lair:5   | Reached skill level 12 in Throwing
 26455 | D:13     | Noticed Rupert
 26455 | D:13     | Found Lorof's Assorted Antiques.
 26559 | D:12     | Killed Radamante's ghost
 26613 | D:12     | Identified the ring "Isexton" {rF+ Int+3 Dex+3}
 27040 | D:12     | Identified the +0 scale mail "Laxtodul" {-Cast rPois Str+9}
 27234 | D:13     | Killed Rupert
 27317 | D:13     | Identified the +1 ring mail of the End {*Corrode rN+
                  | Regen+}
 27380 | D:13     | Identified 3 scrolls of acquirement
 27391 | D:13     | Upgraded the game from 0.31-a0-854-g362426d to
                  | 0.31-a0-859-g9dce7d3
 27547 | D:13     | Found a gate to the Vaults.
 27702 | D:13     | Identified the +7 tower shield of the Wasteland {Will+ MP+9
                  | Str-3 Dex+6}
 27985 | D:14     | Noticed Josephine
 28010 | D:14     | Killed Josephine
 28016 | D:14     | Reached XP level 16. HP: 114/127 MP: 30/31
 28025 | D:14     | Reached skill level 13 in Throwing
 28323 | D:14     | Noticed Agnes
 28340 | D:14     | Killed Agnes
 28542 | D:14     | Reached skill level 10 in Shapeshifting
 28562 | D:14     | You fall into a shaft and drop 1 floor!
 28562 | D:15     | Entered Level 15 of the Dungeon
 29251 | D:15     | Found a staircase to the Depths.
 29452 | D:15     | Noticed Louise
 29480 | D:15     | Killed Louise
 30360 | Swamp:1  | Entered Level 1 of the Swamp
 31159 | Swamp:2  | Noticed a fenstrider witch
 31176 | Swamp:2  | Killed a fenstrider witch
 31461 | Swamp:2  | Found a runed translucent gate.
 31461 | Swamp:2  | Found a runed translucent gate.
 31461 | Swamp:2  | Found a runed translucent gate.
 31462 | Swamp:2  | Noticed Ivebedul's ghost (adept MiFi)
 31463 | Swamp:2  | Noticed Reaq's ghost (adept DjHu)
 31544 | Swamp:2  | Reached skill level 14 in Throwing
 32617 | Swamp:3  | Reached XP level 17. HP: 107/134 MP: 27/33
 33411 | Swamp:4  | Entered Level 4 of the Swamp
 33411 | Swamp:4  | Noticed Mara
 33422 | Swamp:4  | Noticed raintide's illusion
 33438 | Swamp:4  | Killed Mara
 33472 | Swamp:4  | Reached skill level 10 in Conjurations
 33472 | Swamp:4  | Reached skill level 10 in Hexes
 33472 | Swamp:4  | Reached skill level 10 in Summonings
 33472 | Swamp:4  | Reached skill level 10 in Necromancy
 33472 | Swamp:4  | Reached skill level 10 in Transmutations
 33472 | Swamp:4  | Reached skill level 10 in Fire Magic
 33472 | Swamp:4  | Reached skill level 10 in Ice Magic
 33472 | Swamp:4  | Reached skill level 10 in Air Magic
 33472 | Swamp:4  | Reached skill level 10 in Earth Magic
 33472 | Swamp:4  | Reached skill level 10 in Poison Magic
 34430 | Swamp:4  | Got a decaying rune of Zot
 34616 | Swamp:4  | Reached skill level 15 in Throwing
 35296 | Spider:1 | Entered Level 1 of the Spider Nest
 36149 | Spider:2 | Identified the +8 quarterstaff of World Downfall {elec, rF-
                  | rN+++ Dex+4}
 36297 | Spider:2 | Reached XP level 18. HP: 63/143 MP: 13/35
 36313 | Spider:2 | Acquired the +4 pair of boots of Saegaph {rElec}
 37790 | Spider:4 | Entered Level 4 of the Spider Nest
 38082 | Spider:4 | Slain by a demonic crawler

Illustrated notes

Levels and vault maps discovered:
D:1:      dpeg_arrival_chambers_temple_mockup, layout_basic,
          hellmonk_ecumenical_altar_run_dry, corexii_corridor_pit
D:2:      layout_basic, dreamdust_mushroom_princess
D:3:      layout_loops_ring, uniq_terence, uniq_grinder, uniq_jessica,
          uniq_robin
D:4:      layout_cave_pods, portal_sewer_entry_e, chequers_serial_rivers_room_a
D:5:      layout_basic, old_standard_altar, minmay_temple_entry_mist,
          serial_undead, serial_undead_a, serial_undead_f, serial_undead_b,
          serial_undead_e, serial_undead_a, serial_undead_c, serial_undead_d,
          serial_undead_f, uniq_pikel, uniq_sigmund, uniq_blork_the_orc
D:6:      lemuel_ratsnest, layout_loops_corners,
          mainiacjoe_overflow_surrounded_room, nemelex_spade_bored_becter,
          serial_shops, nicolae_shop_behind_doors
D:7:      layout_basic, mainiacjoe_overflow_catch_the_wave,
          nicolae_shop_sticking_my_neck_out
D:8:      layout_basic, nicolae_hepliaklqana_hazy_memory,
          nicolae_elyvilon_peaceful_grove, lemuel_tele_altar, serial_shops,
          shop, nicolae_grassy_gnolls
D:9:      nicolae_cairo_tiling_very_big, layout_basic, minivault_7
D:10:     layout_gridville, nicolae_dithmenos_shadow_blocks
D:11:     layout_long_grid, solitary_fountain, minivault_11
D:12:     mludivico_vault, layout_cave_pools, orc_0_dummy,
          ebering_ghost_inner_flame, bh_circular_ruins
D:13:     layout_cross, ximxim_vaults_locker_room, serial_shops, shop,
          uniq_rupert
D:14:     layout_loops_cross, chequers_serial_rivers_large_a,
          minmay_crystal_room, uniq_agnes, uniq_josephine
D:15:     hellmonk_depths_entry_around_the_bend, layout_small_grid, uniq_louise
Temple:   oiseaux_autumnal_temple
Lair:1:   layout_long_grid, lemuel_fruit_fields, lemuel_fruit_fields,
          grunt_megastairs_4
Lair:2:   layout_hall_layers, chequers_serial_rivers_marsh, serial_bayou_shore_b
Lair:3:   layout_chaotic_city, skrybe_swamp_entry_bodies,
          nicolae_spider_entry_lesser_pyramids, serial_bayou_ford_a,
          uniq_amaemon
Lair:4:   layout_small_grid, slime_entry_1, lemuel_fruit_fields,
          grunt_megastairs_3, infiniplex_staircase_pool_2, serial_bayou_shore_a
Lair:5:   minmay_lair_end_enchanted_forest, layout_small_grid,
          bobbens_ice_dragon_lair, serial_bayou_shore_b, uniq_snorg
Swamp:1:  layout_basic_swamp, nicolae_swamp_some_circles
Swamp:2:  nicolae_swamp_secret_spriggan_hideout, layout_falls_marsh,
          gammafunk_ghost_cemetery, evilmike_swamp_ruin_house_1,
          hangedman_swamp_dais
Swamp:3:  layout_basic_swamp, serial_swamp_ruin, evilmike_swamp_ruin_house_5,
          hangedman_swamp_ruin_wall
Swamp:4:  swamp, layout_basic_swamp, uniq_mara
Spider:1: layout_spider_delve, nicolae_spider_circle_web
Spider:2: nicolae_spider_broodchamber
Spider:3: layout_spider_delve, hangedman_spider_tarantella_strand,
          nicolae_spider_cling_halls
Spider:4: hellmonk_spider_rune_bug_friends, uniq_arachne, uniq_donald,
          uniq_bai_suzhen
Orc:1:    layout_caves, basic_altar, okawaru_metal_pillars_1_2
Orc:2:    st_orc_mages, layout_diamond_mine, nicolae_shop_firing_range

Skill      XL: |  1  2  3  4  5  6  7  8  9 10 11 12 13 14 15 16 17 18 |
---------------+-------------------------------------------------------+-----
Spellcasting   | 5 6 7 8 9 10 11 12 13 | 13.5
Invocations    | 1 2 3 4 5 6 7 8 9 10 11 12 13 | 13.7
Long Blades    | 1 2 3 4 5 7 8 9 10 11 12 | 12.6
Axes           | 1 2 3 4 5 7 8 9 10 11 12 | 12.6
Maces & Flails | 1 2 3 4 5 7 8 9 10 11 12 | 12.6
Polearms       | 1 2 3 4 5 7 8 9 10 11 12 | 12.6
Staves         | 1 2 3 4 5 7 8 9 10 11 12 | 12.6
Ranged Weapons | 1 2 3 4 5 7 8 9 10 11 12 | 12.6
Stealth        | 1 2 3 4 5 7 8 9 10 11 12 | 12.6
Shields        | 1 2 3 4 5 7 8 9 10 11 12 | 12.6
Unarmed Combat | 1 2 3 4 5 7 8 9 10 11 12 | 12.6
Evocations     | 1 2 3 4 5 7 8 9 10 11 12 | 12.6
Shapeshifting  | 1 2 3 4 5 6 7 8 9 10 11 | 11.6
Conjurations   | 1 2 3 4 5 6 7 8 9 10 | 10.7
Hexes          | 1 2 3 4 5 6 7 8 9 10 | 10.7
Summonings     | 1 2 3 4 5 6 7 8 9 10 | 10.7
Necromancy     | 1 2 3 4 5 6 7 8 9 10 | 10.7
Transmutations | 1 2 3 4 5 6 7 8 9 10 | 10.7
Fire Magic     | 1 2 3 4 5 6 7 8 9 10 | 10.7
Ice Magic      | 1 2 3 4 5 6 7 8 9 10 | 10.7
Air Magic      | 1 2 3 4 5 6 7 8 9 10 | 10.7
Earth Magic    | 1 2 3 4 5 6 7 8 9 10 | 10.7
Poison Magic   | 1 2 3 4 5 6 7 8 9 10 | 10.7
Fighting       | 5 6 7 8 9 10 11 12 13 | 13.3
Short Blades   | 5 6 7 8 9 10 11 12 13 | 13.3
Throwing       | 3 4 5 6 7 8 10 11 12 14 15 | 15.8
Armour         | 3 4 5 6 7 8 9 10 11 12 | 12.9
Dodging        | 5 6 7 8 9 10 11 12 13 | 13.3
Translocations | 6 7 8 9 10 11 12 | 12.0

Action                     |  1- 3 |  4- 6 |  7- 9 | 10-12 | 13-15 | 16-18 || total
---------------------------+-------+-------+-------+-------+-------+-------++-------
  Melee: Short sword       |    94 |   129 |   185 |       |       |       ||   408
         Bite              |     9 |    15 |    43 |    87 |   214 |   282 ||   650
         Rapier            |    53 |    20 |   275 |   832 |  1445 |       ||  2625
         Punch             |       |     1 |    13 |    43 |    55 |       ||   112
         Mace              |       |       |    45 |       |       |       ||    45
         Whip              |       |       |       |    14 |       |       ||    14
         Demon whip        |       |       |       |       |   151 |  1192 ||  1343
         Scimitar          |       |       |       |       |       |   468 ||   468
   Fire: Sling             |    16 |       |       |       |       |       ||    16
         Arbalest          |       |       |       |     8 |     5 |       ||    13
  Throw: Throwing net      |       |     1 |       |       |       |       ||     1
         Dart              |       |       |     3 |    44 |    51 |    19 ||   117
         Stone             |       |       |       |       |     2 |       ||     2
         Javelin           |       |       |       |       |     1 |       ||     1
         Boomerang         |       |       |       |       |     1 |       ||     1
   Cast: Manifold Assault  |       |     3 |    39 |    86 |   110 |   117 ||   355
         Blink             |       |     1 |     1 |     5 |    18 |    27 ||    52
         Momentum Strike   |       |       |     9 |    16 |    16 |    15 ||    56
         Teleport Other    |       |       |     1 |     6 |     3 |     1 ||    11
         Volatile Blastmot |       |       |     2 |     7 |       |     6 ||    15
         Lesser Beckoning  |       |       |       |     4 |    15 |     7 ||    26
         Leda's Liquefacti |       |       |       |     7 |    13 |     5 ||    25
         Vhi's Electric Ch |       |       |       |     3 |     2 |     4 ||     9
 Invoke: Bend Time         |       |       |       |     1 |       |       ||     1
         Slouch            |       |       |       |     1 |    18 |    16 ||    35
         Temporal Distorti |       |       |       |       |     1 |       ||     1
  Evoke: Wand              |       |       |       |     2 |    20 |    38 ||    60
         Condenser vane    |       |       |       |       |     2 |       ||     2
         Phantom mirror    |       |       |       |       |       |     2 ||     2
    Use: Scroll            |       |     3 |     3 |     9 |     9 |    14 ||    38
         Potion            |       |       |     2 |     1 |     4 |     7 ||    14
   Stab: Sleeping          |     1 |     2 |     3 |    11 |    24 |    19 ||    60
         Distracted        |       |       |       |     4 |     6 |     4 ||    14
         Petrifying        |       |       |       |       |     1 |       ||     1
 Armour: Leather armour    |    30 |       |       |       |       |       ||    30
         Ring mail         |    48 |    23 |       |       |       |   333 ||   404
         Scale mail        |       |    19 |       |       |       |       ||    19
         Robe              |       |    30 |   216 |   278 |   224 |       ||   748
         Troll leather arm |       |       |       |       |   286 |   193 ||   479
         Swamp dragon scal |       |       |       |       |       |   195 ||   195
  Dodge: Dodged            |    71 |    57 |   320 |   549 |  1201 |  1206 ||  3404
  Block: Buckler           |       |       |       |       |   188 |       ||   188
         Tower shield      |       |       |       |       |    99 |  2277 ||  2376

Table legend: (Time is in decaauts)
 A = Elapsed time spent in this place.
 B = Non-inter-level travel time spent in this place.
 C = Inter-level travel time spent in this place.
 D = Time resting spent in this place.
 E = Time spent auto-exploring this place.
 F = Levels seen in this place.
 G = Mean time per level.
                   A        B        C        D        E       F      G
               +--------+--------+--------+--------+--------+-----+--------+
         Total |  53023 |  48442 |   4581 |   5771 |  33556 |  32 | 1657.0 |
       Dungeon |  26477 |  23656 |   2821 |   2375 |  17064 |  15 | 1765.1 |
        Temple |    117 |      3 |    114 |      0 |      0 |   1 |  117.0 |
          Lair |  11086 |  10259 |    827 |   1035 |   7632 |   5 | 2217.2 |
         Swamp |   6628 |   5979 |    649 |    950 |   3591 |   4 | 1657.0 |
   Spider Nest |   4191 |   4140 |     51 |    496 |   2700 |   4 | 1047.8 |
  Orcish Mines |   3779 |   3663 |    116 |    691 |   2200 |   2 | 1889.5 |
         Sewer |    743 |    743 |      0 |    222 |    366 |   1 |  743.0 |
               +--------+--------+--------+--------+--------+-----+--------+

Top non-repeatable levels by time:
    D:12: 3771 daAuts
  Lair:5: 2645 daAuts
   Orc:2: 2403 daAuts
  Lair:3: 2270 daAuts
    D:10: 2233 daAuts
  Lair:4: 2201 daAuts
 Swamp:2: 2192 daAuts
  Lair:1: 2132 daAuts
     D:5: 2020 daAuts
     D:6: 1890 daAuts
    D:15: 1885 daAuts
     D:9: 1846 daAuts
  Lair:2: 1835 daAuts
     D:8: 1825 daAuts
    D:14: 1794 daAuts
